 Dungeon Crawl Stone Soup version 0.29.1-13-g9f3cf754e1 (webtiles) character file.

Game seed: 8459881141806184066

454 Oxelix the Slasher (level 6, -1/56 HPs)
             Began as a Minotaur Gladiator on Feb 1, 2023.
             Slain by a gnoll sergeant
             ... wielding a +2 vampiric spear
              (16 damage)
             ... on level 5 of the Dungeon.
             The game lasted 00:06:01 (4560 turns).

Oxelix the Slasher (Minotaur Gladiator)             Turns: 4560, Time: 00:06:01

Health: -1/56      AC:  2    Str: 19    XL:     6   Next: 76%
Magic:  5/5        EV: 13    Int:  5    God:
Gold:   345        SH:  0    Dex: 13    Spells: 5/5 levels left

rFire   . . .      SeeInvis .   a - +0 long sword
rCold   . . .      Faith    .   (no shield)
rNeg    . . .      Spirit   .   (no body armour)
rPois   .          Reflect  .   s - +1 hat
rElec   .          Harm     .   (no cloak)
rCorr   .          Rampage  .   x - +0 pair of gloves
Will    .....                   (no boots)
Stlth   +.........              (no amulet)
HPRegen 0.18/turn               g - ring of flight
MPRegen 0.09/turn               (no ring)

@: flying
A: horns 2, retaliatory headbutt, inability to drink after injury 1
a: no special abilities


You were on level 5 of the Dungeon.
You visited 1 branch of the dungeon, and saw 5 of its levels.

You collected 345 gold pieces.

Inventory:

Hand Weapons
 a - a +0 long sword (weapon)
Missiles
 c - 10 poisoned darts (quivered)
 d - 2 throwing nets
Armour
 s - a +1 hat (worn)
 x - a +0 pair of gloves (worn)
Jewellery
 g - a ring of flight (left hand)
Wands
 r - a wand of paralysis (3)
Scrolls
 f - a scroll of torment {unknown}
 i - a scroll of fear {unknown}
 j - a scroll of noise
 k - a scroll of brand weapon {unknown}
 l - 2 scrolls of fog {unknown}
 m - a scroll of vulnerability {unknown}
 n - a scroll of summoning {unknown}
 p - a scroll of immolation {unknown}
 q - 4 scrolls of identify {unknown}
 v - a scroll of poison {unknown}
 y - a scroll of enchant armour {unknown}
 A - a scroll of magic mapping {unknown}
Potions
 b - a potion of curing {unknown}
 h - a potion of cancellation
 o - 2 potions of heal wounds {unknown}
 t - a potion of lignification {unknown}
 u - a potion of berserk rage {unknown}
 w - a potion of might {unknown}
 z - a potion of haste {unknown}


   Skills:
 + Level 5.4 Fighting
 * Level 7.9 Long Blades
 - Level 2.0 Throwing
 - Level 3.2 Dodging


You had 5 spell levels left.
You didn't know any spells.
Your spell library was empty.

Dungeon Overview and Level Annotations

Branches:
Dungeon (5/15)
 Temple: D:4-7

Altars:
Yredelemnul

Shops:
D:2 [


Innate Abilities, Weirdness & Mutations

You have a pair of horns on your head.
You reflexively headbutt those who attack you in melee.
You occasionally lose the ability to drink potions when taking damage.


Message History

The gnoll is heavily wounded.
The javelin closely misses the gnoll.
The javelin barely misses the gnoll.
The gnoll barely misses you.
You closely miss the gnoll. Your headbutt misses the gnoll.
You punch the gnoll.
The gnoll is severely wounded.
The gnoll closely misses you.
You closely miss the gnoll.
The gnoll is severely wounded.
The gnoll hits you with a +0 flail!
You hit the gnoll.
You kill the gnoll!
The gnoll hits you with a +0 whip. The gnoll attacks as you move away!
The gnoll closely misses you.
There is an open door here.
You slash the gnoll! You headbutt the gnoll.
You kill the gnoll!
There is an open door, spattered with blood here.
Things that are here:
a +0 whip; a gnoll corpse You slash the gnoll!
The gnoll is almost dead.
The gnoll sergeant hits you with a +2 vampiric spear!
The gnoll hits you with a +0 club.
You barely miss the gnoll.
The gnoll is almost dead.
The gnoll sergeant hits you with a +2 vampiric spear!
The gnoll hits you but does no damage.
The gnoll sergeant attacks as you move away!
The gnoll sergeant misses you.
The gnoll sergeant hits you from afar with a +2 vampiric spear.
The gnoll attacks as you move away! The gnoll hits you with a +0 club.
The gnoll sergeant hits you from afar with a +2 vampiric spear!
* * * LOW HITPOINT WARNING * * *
There is an open door here.
There is an open door here.
The gnoll sergeant barely misses you.
There is an open door here.
The gnoll sergeant hits you from afar with a +2 vampiric spear!
You die...

#####'########..##.##'#######.##+
#..##.###..###..##.##.##.####.##.
.............^...#.....#....'....
.................#.....#....#....
...........g.....#.....#....#....
.............g...#.....#....#....
#########'####g.##########.###..#
#..##.###..####'##..######.###..#
#...'...'....#..@'...............
'...#...#....#...#...............
#...#...#..<.#...#...............
###########.######..##..######'##
###########.######..##..##..##..#
..'...'.......#.....#........#...
>.#...#..<....#.....#......[.#...
###########..###..########..###..
###.###.###..###..########..#####


You could see a gnoll sergeant and 2 gnolls.

Vanquished Creatures
  Menkaure (D:5)
  An ogre (D:4)
  An orc priest (D:3)
  An orc wizard (D:3)
  An iguana (D:5)
  2 gnolls (D:5)
  6 adders
  6 worms
  3 dart slugs
  3 orcs
  6 bats
  7 endoplasms
  3 giant cockroaches
  4 goblins
  8 hobgoblins
  6 jackals
  3 quokkas
  4 ball pythons
  2 frilled lizards
  6 kobolds
  8 rats
82 creatures vanquished.

Notes
Turn   | Place    | Note
-------+----------+-------------------------------------------
     0 | D:1      | Oxelix the Minotaur Gladiator began the quest for the Orb.
     0 | D:1      | Reached XP level 1. HP: 18/18 MP: 0/0
   129 | D:1      | Reached skill level 4 in Long Blades
   142 | D:1      | Reached XP level 2. HP: 17/25 MP: 1/1
  1012 | D:2      | Reached XP level 3. HP: 23/31 MP: 2/2
  1152 | D:2      | Found Foiforav's Armour Emporium.
  1227 | D:2      | Reached skill level 5 in Long Blades
  1701 | D:2      | Reached XP level 4. HP: 38/38 MP: 3/3
  1869 | D:2      | Found a faded altar of an unknown god.
  2445 | D:3      | Reached skill level 6 in Long Blades
  2445 | D:3      | Reached XP level 5. HP: 5/46 MP: 4/4
  2445 | D:3      | Gained mutation: You occasionally lose the ability to drink
                  | potions when taking damage. [potion of mutation]
  2926 | D:4      | Noticed an ogre
  2934 | D:4      | Killed an ogre
  2993 | D:4      | Reached skill level 7 in Long Blades
  2993 | D:4      | Reached XP level 6. HP: 53/53 MP: 5/5
  3163 | D:4      | Found a basalt altar of Yredelemnul.
  3523 | D:5      | Entered Level 5 of the Dungeon
  3831 | D:5      | Noticed Menkaure
  3839 | D:5      | Killed Menkaure
  3840 | D:5      | Reached skill level 5 in Fighting
  4560 | D:5      | Slain by a gnoll sergeant

Illustrated notes

Levels and vault maps discovered:
D:1:      dpeg_arrival_radiant, layout_loops_cross, minmay_liquid_box
D:2:      layout_basic, chequers_ecumenical_altar_simple_redux, serial_shops,
          nicolae_shop_competitors_out_of_business
D:3:      layout_rooms
D:4:      layout_gridville, kennysheep_mini
D:5:      layout_gridville, uniq_menkaure

Skill      XL: |  1  2  3  4  5  6 |
---------------+-------------------+-----
Long Blades    | 4 5 6 7 |  7.9
Fighting       | 3 4 5 |  5.4
Throwing       | |  2.0
Dodging        | |  3.2

Action                   |  1- 3 |  4- 6 || total
-------------------------+-------+-------++-------
Melee: Long sword        |    85 |    85 ||   170
       Headbutt          |    11 |    13 ||    24
       Punch             |     1 |     3 ||     4
Throw: Dart              |       |     4 ||     4
       Javelin           |       |     2 ||     2
       Throwing net      |       |     2 ||     2
  Use: Potion            |       |     2 ||     2
       Scroll            |       |     1 ||     1
 Stab: Held in net/web   |       |     1 ||     1
Armor: Leather armour    |    17 |       ||    17
       Scale mail        |     7 |    29 ||    36
       Skin              |       |     1 ||     1
Dodge: Dodged            |    52 |    61 ||   113
